 Dungeon Crawl Stone Soup version 0.25-b1-46-gb8a1ec05df (webtiles) character file.

Game seed: 2525211132130116354

102 H0rd4k the Charlatan (level 5, -2/38 HPs)
             Began as a Human Artificer on June 9, 2020.
             Slain by a gnoll (7 damage)
             ... on level 3 of the Dungeon.
             The game lasted 00:02:06 (2277 turns).

H0rd4k the Charlatan (Human Artificer)              Turns: 2277, Time: 00:02:06

Health: -2/38      AC:  3    Str: 13    XL:     5   Next: 5%
Magic:  7/7        EV: 12    Int: 12    God:
Gold:   50         SH:  0    Dex: 13    Spells: 4/4 levels left

rFire    . . .     SeeInvis .   a - +0 short sword
rCold    . . .     Gourm    .   (no shield)
rNeg     . . .     Faith    .   b - +0 leather armour
rPois    .         Spirit   .   (no helmet)
rElec    .         Reflect  .   (no cloak)
rCorr    .         Harm     .   (no gloves)
MR       .....                  (no boots)
Stlth    ++........             (no amulet)
HPRegen  0.12/turn              (no ring)
MPRegen  0.10/turn              (no ring)

@: no status effects
A: no striking features
a: no special abilities


You were on level 3 of the Dungeon.
You were hungry.

You visited 1 branch of the dungeon, and saw 3 of its levels.

You collected 50 gold pieces.

Inventory:

Hand Weapons
 a - a +0 short sword (weapon)
Armour
 b - a +0 leather armour (worn)
Jewellery
 i - a +4 ring of evasion {unknown}
 m - an uncursed amulet of the acrobat {unknown}
 n - a +6 ring of dexterity {unknown}
Wands
 c - a wand of flame (11)
 d - a wand of enslavement (12)
 e - a wand of random effects (13)
 q - a wand of polymorph (8)
Scrolls
 g - a scroll of noise {unknown}
 h - 2 scrolls of identify {unknown}
 j - a scroll of teleportation {unknown}
 k - 2 scrolls of remove curse {unknown}
 s - 3 scrolls of enchant weapon {unknown}
 x - a scroll of fear {unknown}
Potions
 l - a potion of might {unknown}
 o - 2 potions of cancellation {unknown}
 p - 2 potions of haste {unknown}
 r - a potion of lignification {unknown}
 t - a potion of magic {unknown}
 u - a potion of degeneration {unknown}
 v - 2 potions of heal wounds {unknown}
 z - a potion of curing {unknown}
Comestibles
 f - 6 rations
 w - 3 chunks of flesh


   Skills:
 + Level 1.7 Fighting
 + Level 2.0 Short Blades
 + Level 1.8 Armour
 + Level 2.2 Dodging
 + Level 1.8 Stealth
 + Level 3.7 Evocations


You had 4 spell levels left.
You didn't know any spells.
Your spell library was empty.

Dungeon Overview and Level Annotations

Branches:
Dungeon (3/15)

Altars:

Annotations:
D:2 exclusion: jackal


Message History

The gnoll closely misses you.
You completely miss the gnoll.
The gnoll is severely wounded.
The gnoll hits you. The goblin hits you with a +0 club.
You hit the gnoll.
The gnoll is almost dead.
The gnoll hits you.
* * * LOW HITPOINT WARNING * * *
The goblin hits you but does no damage.
You barely miss the gnoll.
The gnoll is almost dead.
The gnoll hits you.
* * * LOW HITPOINT WARNING * * *
The goblin hits you but does no damage.
Evoke which item? (* to show all) (? for menu, Esc to quit)
Aiming: Enslavement
Press: ? - help, Shift-Dir - straight line, f - goblin
Aim: a goblin, wielding a +0 club (chance to defeat MR: 73%)
The goblin is charmed.
The gnoll hits you!
You die...

#.#......##
#.#......#
#.#.######
#.#+######
#.........
#......... ###
#.........
.....####.........
....Zgg@g.........
.....######'######
... ..# . ..# ..#
..# ..# ..#


You could see 2 gnolls, an adder skeleton and a friendly goblin (charmed).

Vanquished Creatures
  Terence (D:2)
  3 adders (D:2)
  2 worms (D:2)
  A dart slug (D:2)
  A leopard gecko (D:2)
  2 giant cockroaches
  7 goblins
  2 hobgoblins
  3 jackals (D:1)
  9 bats
  2 frilled lizards (D:1)
  6 kobolds
  6 rats
45 creatures vanquished.

Vanquished Creatures (others)
  A gnoll (D:3)
1 creature vanquished.

Grand Total: 46 creatures vanquished

Notes
Turn   | Place    | Note
-------+----------+-------------------------------------------
     0 | D:1      | H0rd4k the Human Artificer began the quest for the Orb.
     0 | D:1      | Reached XP level 1. HP: 15/15 MP: 3/3
   211 | D:1      | Reached XP level 2. HP: 14/21 MP: 4/4
   578 | D:1      | Reached XP level 3. HP: 14/26 MP: 5/5
  1040 | D:2      | Reached skill level 1 in Armour
  1479 | D:2      | Reached XP level 4. HP: 29/32 MP: 6/6
  1960 | D:2      | Noticed a black bear
  2128 | D:2      | Noticed Terence
  2138 | D:2      | Killed Terence
  2138 | D:2      | Reached XP level 5. HP: 38/38 MP: 7/7
  2277 | D:3      | Slain by a gnoll

Illustrated notes

Levels and vault maps discovered:
D:1:      dpeg_arrival_more_subterranean_lakeside_camping, layout_basic
D:2:      layout_loops_ring, lightli_corner_chamber, uniq_terence
D:3:      layout_basic

Skill      XL: |  1  2  3  4 |
---------------+-------------+-----
Armour         | 1 |  1.8
Short Blades   | 2 |  2.0
Fighting       | |  1.7
Dodging        | |  2.2
Stealth        | |  1.8
Evocations     | |  3.7

Action                   |  1- 3 |  4- 6 || total
-------------------------+-------+-------++-------
Melee: Short sword       |   150 |    50 ||   200
Evoke: Wand              |     1 |     8 ||     9
 Stab: Sleeping          |     2 |     1 ||     3
       Paralysed         |       |     3 ||     3
  Eat: Chunk             |     2 |     2 ||     4
Armor: Leather armour    |    34 |     7 ||    41
Dodge: Dodged            |   109 |    30 ||   139
